 Dungeon Crawl Stone Soup version 0.18.1-8-gdd0e5ea (webtiles) character file.

667 Mcjaanus the Ruffian (level 7, 0/71 HPs)
             Began as a Troll Berserker on May 28, 2016.
             Was a Believer of Trog.
             Slain by Duvessa
             ... wielding a cursed +0 short sword
              (7 damage)
             ... on level 4 of the Dungeon.
             The game lasted 00:43:02 (2815 turns).

Mcjaanus the Ruffian (Troll Berserker)              Turns: 2815, Time: 00:43:02

Health: 0/71       AC:  6    Str: 28    XL:     7   Next: 31%
Magic:  6/6        EV: 10    Int:  3    God:    Trog [**....]
Gold:   174        SH:  0    Dex:  9    Spells: 0 memorised, 6 levels left

rFire  . . .     SeeInvis .       - Unarmed
rCold  . . .     Gourm    +     a - +1 animal skin {(;}
rNeg   . . .     Faith    .     (no shield)
rPois  .         Spirit   .     (helmet restricted)
rElec  .         Dismiss  .     (no cloak)
rCorr  .         Reflect  .     (gloves unavailable)
SustAt .         Harm     .     (boots unavailable)
MR     ++...                    f - amulet of the gourmand
Stlth  +.........               (no ring)
                                (no ring)

@: regenerating, very resistant to hostile enchantments, very unstealthy
A: unfitting armour, claws 3, fast metabolism 3, gourmand, high mp 1,
regeneration 2, shaggy fur 1, tough skin 2
a: Berserk, Trog's Hand, Burn Spellbooks, Renounce Religion


You were on level 4 of the Dungeon.
You worshipped Trog.
Trog was pleased with you.
You were not hungry.

You visited 1 branch of the dungeon, and saw 4 of its levels.

You collected 174 gold pieces.

Inventory:

Hand Weapons
 c - a +0 mace
 h - a +1 mace of crushing
 i - a +0 long sword
Armour
 a - a +1 animal skin (worn) {(;}
 d - a +0 ring mail
 e - a +0 leather armour
 l - a +0 scale mail
 o - a +0 helmet
Jewellery
 f - an amulet of the gourmand (around neck)
 g - an uncursed amulet of harm
Wands
 k - a wand of digging (5/24)
 m - a wand of polymorph (9/24)
Comestibles
 b - 4 bread rations
 j - 2 fruits
 n - a chunk of flesh


   Skills:
 + Level 4.8 Fighting
 - Level 2.5 Dodging
 + Level 6.9 Unarmed Combat


You had 6 spell levels left.
You didn't know any spells.

Dungeon Overview and Level Annotations

Branches:
Dungeon (4/15)
 Temple: D:4-7

Altars:
Trog
Yredelemnul

Annotations:
D:4 Duvessa, Menkaure


Innate Abilities, Weirdness & Mutations

You are too large for most types of armour.
You have claws for hands.
Your metabolism is lightning-fast.
You like to eat raw meat.
You heal very quickly.
You are covered in fur (AC +1).
You have very tough skin (AC +2).
You have an increased reservoir of magic (+10% MP).


Message History

Here: Duvessa, wielding a short sword (lightly wounded, fast, hasn't noticed you)
The floor.
Zapping:
m - a wand of polymorph (will waste charges)
Press: ? - help, Shift-Dir - straight line, f - ogre
Aim: an ogre, wielding a giant spiked club (severely wounded, chance to defeat MR: 46%)
The ogre evaporates and reforms as an ice beast!
Evoking this partially-identified wand wasted a few charges.
Duvessa shouts!
The ice beast hits you but does no damage.
You feel the effects of Trog's Hand fading.
Duvessa hits you with a short sword!
* * * LOW HITPOINT WARNING * * *
The ice beast closely misses you. Duvessa hits you with a short sword!
* * * LOW HITPOINT WARNING * * *
Duvessa hits you with a short sword.
* * * LOW HITPOINT WARNING * * *
Duvessa barely misses you. Duvessa hits you with a short sword!
You die...

# ############.
#.#..Ye@.......
#.#.#M#####.##..
#.....)......$..
###...###.......
#..)##.#.#####
#...#.# .#
#....# . ##...##
#### #....####.#


You could see Duvessa, an ice beast and Menkaure.

Vanquished Creatures
  Pikel (D:4)
  2 slaves (D:4)
  An eye of draining (D:3)
  An orc wizard (D:3)
  Robin (D:4)
  A gnoll (D:3)
  An adder (D:3)
  An ooze (D:1)
  A worm (D:2)
  2 dart slugs (D:1)
  2 giant geckos (D:3)
  4 orcs
  4 bats
  5 giant cockroaches
  11 goblins
  3 hobgoblins
  7 jackals
  3 kobolds
  5 quokkas (D:3)
  5 rats
61 creatures vanquished.

Vanquished Creatures (others)
  A slave (D:4)
  A worker ant (D:4)
2 creatures vanquished.

Grand Total: 63 creatures vanquished

Notes
Turn   | Place    | Note
--------------------------------------------------------------
     0 | D:1      | Mcjaanus the Troll Berserker began the quest for the Orb.
     0 | D:1      | Reached XP level 1. HP: 22/22 MP: 0/0
   119 | D:1      | Reached XP level 2. HP: 29/29 MP: 1/1
   946 | D:2      | Reached ** piety under Trog
   962 | D:2      | Reached XP level 3. HP: 37/37 MP: 2/2
  1891 | D:3      | Gained mutation: You have an increased reservoir of magic (+10% MP). [potion of beneficial mutation]
  2347 | D:3      | Reached skill level 4 in Unarmed Combat
  2347 | D:3      | Reached XP level 4. HP: 45/45 MP: 3/3
  2494 | D:3      | Noticed an eye of draining
  2495 | D:3      | Found a bloodstained altar of Trog.
  2515 | D:3      | Killed an eye of draining
  2515 | D:3      | Reached skill level 5 in Unarmed Combat
  2515 | D:3      | Reached XP level 5. HP: 54/54 MP: 0/4
  2659 | D:4      | Found a basalt altar of Yredelemnul.
  2661 | D:4      | Noticed a slave
  2663 | D:4      | Noticed a slave
  2670 | D:4      | Killed a slave
  2680 | D:4      | Noticed Pikel
  2681 | D:4      | Killed a slave
  2685 | D:4      | Noticed a slave
  2686 | D:4      | Noticed a slave
  2689 | D:4      | Noticed Robin
  2714 | D:4      | Killed Pikel
  2714 | D:4      | Reached skill level 6 in Unarmed Combat
  2714 | D:4      | Reached XP level 6. HP: 33/65 MP: 5/5
  2714 | D:4      | Reached XP level 7. HP: 36/71 MP: 6/6
  2743 | D:4      | Killed Robin
  2783 | D:4      | Noticed Menkaure
  2808 | D:4      | Noticed Duvessa
  2815 | D:4      | Slain by Duvessa

Skill      XL: |  1  2  3  4  5 |
---------------+----------------+-----
Fighting       | 3 4 |  4.8
Unarmed Combat | 4 5 6 |  6.9
Dodging        | |  2.5

Action                   |  1- 3 |  4- 6 |  7- 9 || total
-------------------------+-------+-------+-------++-------
Melee: Unarmed           |    89 |    55 |    12 ||   156
       Punch             |     1 |     2 |       ||     3
Invok: Berserk           |     1 |     2 |       ||     3
       Trog's Hand       |     1 |     1 |     1 ||     3
Evoke: Wand              |       |       |     1 ||     1
  Use: Scroll            |     4 |     1 |       ||     5
       Potion            |     2 |     1 |       ||     3
  Eat: Bread ration      |     2 |       |       ||     2
       Chunk             |     9 |    10 |       ||    19
       Fruit             |     1 |       |     1 ||     2
Armor: Animal skin       |    25 |    14 |     8 ||    47
Dodge: Dodged            |    54 |    31 |     8 ||    93
